 Dungeon Crawl Stone Soup version 0.28.0-45-g0d030f2227 (webtiles) character file.

Game seed: 8672656752657590997

1869 MisterFreud the Covert (level 9, -9/73 HPs)
             Began as a Gnoll Delver on May 25, 2022.
             Was a High Priest of Zin.
             Killed from afar by an acid dragon (22 damage)
             ... with a splash of acid
             ... on level 7 of the Dungeon.
             The game lasted 00:17:06 (7599 turns).

MisterFreud the Covert (Gnoll Delver)               Turns: 7599, Time: 00:17:06

Health: -9/73      AC:  3    Str: 13    XL:     9   Next: 13%
Magic:  14/14      EV: 12    Int: 14    God:    Zin [*****.]
Gold:   175        SH: 11    Dex: 14    Spells: 15/15 levels left

rFire   + . .      SeeInvis .   o - +1 dagger (elec)
rCold   + . .      Faith    .   C - +2 kite shield {rC+ rF+}
rNeg    + + .      Spirit   .   D - +2 leather armour of Rufroepe {rElec rN+ Str+2}
rPois   .          Reflect  .   A - +0 helmet
rElec   +          Harm     .   q - +1 cloak
rCorr   .          Rampage  .   w - +0 pair of gloves
Will    .....                   u - +0 pair of boots
Stlth   ++++......              (no amulet)
HPRegen 0.22/turn               E - ring of positive energy
MPRegen 0.14/turn               F - ring of wizardry

@: corroded
A: fangs 1, strong nose, distributed training
a: Renounce Religion, Recite, Vitalisation, Imprison, Sanctuary, Donate Gold


You were on level 7 of the Dungeon.
You worshipped Zin.
Zin was extremely pleased with you.
You visited 1 branch of the dungeon, and saw 7 of its levels.
You also visited: Sewer.

You collected 726 gold pieces.
You spent 479 gold pieces at shops.
You donated 72 gold pieces to Zin.

Inventory:

Hand Weapons
 a - a +0 short sword
 m - a +0 dagger of flaming
 o - a +1 dagger of electrocution (weapon)
 B - a +2 dagger of venom
Missiles
 d - 24 poisoned darts (quivered)
 G - 2 boomerangs
 I - a curare-tipped dart
Armour
 q - a +1 cloak (worn)
 u - a +0 pair of boots (worn)
 w - a +0 pair of gloves (worn)
 A - a +0 helmet (worn)
 C - a +2 kite shield of resistance (worn)
 D - the +2 leather armour of Rufroepe (worn) {rElec rN+ Str+2}
   (You bought it in a shop on level 3 of the Dungeon)

   Str:       It affects your strength (+2).
   rElec:     It insulates you from electricity.
   rN:        It protects you from negative energy.
Jewellery
 E - a ring of positive energy (left hand)
 F - a ring of wizardry (right hand)
Wands
 g - a wand of digging (3)
 y - a wand of flame (38)
Scrolls
 c - 3 scrolls of fog
 e - a scroll of fear
 r - a scroll of brand weapon {unknown}
 s - 4 scrolls of teleportation
 t - a scroll of magic mapping
Potions
 b - a potion of berserk rage
 f - 2 potions of haste
 h - 2 potions of brilliance
 i - a potion of cancellation
 j - 2 potions of degeneration
 k - 3 potions of might
 l - a potion of heal wounds
 n - 2 potions of invisibility
 p - 2 potions of magic
 v - a potion of flight
 x - a potion of curing
 z - 2 potions of attraction
 H - a potion of mutation {unknown}


   Skills:
 + Level 7.7 Fighting
 + Level 6.1 Short Blades
 + Level 3.9 Long Blades
 + Level 3.9 Axes
 + Level 3.9 Maces & Flails
 + Level 3.9 Polearms
 + Level 3.9 Staves
 + Level 3.9 Slings
 + Level 3.9 Bows
 + Level 3.9 Crossbows
 + Level 3.9 Throwing
 + Level 3.9 Armour
 + Level 6.1 Dodging
 + Level 10.4 Stealth
 + Level 3.9 Shields
 + Level 3.9 Unarmed Combat
 + Level 3.9 Spellcasting
 + Level 3.2 Conjurations
 + Level 3.2 Hexes
 + Level 3.2 Summonings
 + Level 3.2 Necromancy
 + Level 3.2 Translocations
 + Level 3.2 Transmutations
 + Level 3.2 Fire Magic
 + Level 3.2 Ice Magic
 + Level 3.2 Air Magic
 + Level 3.2 Earth Magic
 + Level 3.2 Poison Magic
 + Level 4.3 Invocations
 + Level 3.9 Evocations


You had 15 spell levels left.
You didn't know any spells.
Your spell library contained the following spells:

 Spells                   Type           Power      Damage    Failure   Level
 Blink                    Tloc           22%        N/A       12%         2
 Lesser Beckoning         Tloc           11%        N/A       22%         3
 Animate Dead             Necr           5%         N/A       56%         4
 Manifold Assault         Tloc           11%        N/A       88%         5
 Haunt                    Necr/Summ      5%         N/A       100%        7
 Infestation              Necr           5%         N/A       100%        8


Dungeon Overview and Level Annotations

Branches:
Dungeon (7/15)             Temple (0/1) D:6           Sewer (visited)

Altars:
Okawaru
Trog
Zin

Shops:
D:3 *   D:5 !

Annotations:
D:4 2 transporters, Nysalyn's ghost, amateur GrEE


Innate Abilities, Weirdness & Mutations

You have very sharp teeth.
Your uncanny sense of smell can sniff out nearby items.
Your experience applies equally to all skills.


Message History

The acid dragon is heavily wounded.
You block the acid dragon's attack. x2
You feel much better.
The acid dragon bites you but does no damage.
The acid dragon completely misses you.
You hit the acid dragon but do no damage.
The acid dragon is heavily wounded.
The acid dragon bites you. The acid dragon claws you.
You hit the acid dragon but do no damage.
The acid dragon is moderately wounded.
A jelly comes into view.
You block the acid dragon's attack. x2
You barely miss the acid dragon.
The acid dragon is moderately wounded.
You block the acid dragon's attack. The acid dragon completely misses you.
You hit the acid dragon but do no damage.
The acid dragon is moderately wounded.
Okay, then.
Unknown command.
Activating: Recite (0% risk of failure)
Press: ? - help, Dir - look around, f - activate
Okay, then.
Unknown command.
Aiming: Imprison (16% risk of failure)
Press: ? - help, Dir - move target, f - acid dragon
Aim: an acid dragon (moderately wounded)
You need more space to imprison the acid dragon.
Okay, then.
Unknown command.
Unknown command.
Unknown command.
The acid dragon spits acid at you. The splash of acid hits you!
The acid corrodes you! The acid dragon spits acid at you.
The splash of acid hits you!!
* * * LOW HITPOINT WARNING * * *
The kobold throws a stone.
The stone barely misses you. The acid dragon spits acid at you.
The splash of acid hits you!!
You die...

. ##.##.# ##.
##.....#
....#..JK..# #
#.......# .#
###....D###.#
####.........#
............###
######..#)#.# #
#...)@.##....
#....([......
#......##....
#..#.#.# ###
#..#.#.#
#....#.#
##.###.# #. .#
. ..


You could see an acid dragon (catching breath), a jelly and a kobold.

Vanquished Creatures
  2 black bears (D:5)
  An orc warrior (D:6)
  An ice beast (D:6)
  5 kobold brigands
  A scorpion (D:3)
  2 water moccasin skeletons
  A hound (D:6)
  4 jellies
  2 gnoll shamans (D:6)
  An orc priest (D:6)
  A bullfrog skeleton (D:5)
  Natasha (twice) (D:4)
  An iguana (D:6)
  A scorpion zombie (D:5)
  Terence (D:2)
  6 orc wizards
  A hound skeleton (D:4)
  A howler monkey zombie (D:5)
  Robin (D:2)
  A howler monkey skeleton (D:6)
  6 adders
  14 gnolls
  5 river rats (Sewer)
  An ufetubus (D:5)
  An adder zombie (D:5)
  An adder skeleton (D:4)
  5 dart slugs
  12 orcs
  4 bats
  3 endoplasms
  8 giant cockroaches
  11 goblins
  10 hobgoblins
  4 jackals (D:2)
  4 quokkas
  8 ball pythons
  5 frilled lizards
  29 kobolds
  27 rats
194 creatures vanquished.

Vanquished Creatures (others)
  An orc wizard (D:6)
1 creature vanquished.

Grand Total: 195 creatures vanquished

Notes
Turn   | Place    | Note
-------+----------+-------------------------------------------
     0 | D:5      | Reached skill level 9 in Stealth
     0 | D:5      | MisterFreud the Gnoll Delver began the quest for the Orb.
     0 | D:5      | Reached XP level 1. HP: 23/23 MP: 1/1
    66 | D:5      | Found Dyerru's Distillery.
    77 | D:5      | Noticed a black bear
   174 | D:4      | Noticed Nysalyn's ghost (amateur GrEE)
   174 | D:4      | Found a transporter.
   174 | D:4      | Found a transporter.
   235 | D:4      | Noticed a jelly
   240 | D:4      | Killed a jelly
   241 | D:4      | Reached XP level 2. HP: 29/29 MP: 2/2
   241 | D:4      | Reached XP level 3. HP: 35/35 MP: 3/3
   251 | D:4      | Reached skill level 1 in Invocations
   266 | D:3      | Reached skill level 1 in Long Blades
   266 | D:3      | Reached skill level 1 in Axes
   266 | D:3      | Reached skill level 1 in Maces & Flails
   266 | D:3      | Reached skill level 1 in Polearms
   266 | D:3      | Reached skill level 1 in Staves
   266 | D:3      | Reached skill level 1 in Slings
   266 | D:3      | Reached skill level 1 in Bows
   266 | D:3      | Reached skill level 1 in Crossbows
   266 | D:3      | Reached skill level 1 in Throwing
   266 | D:3      | Reached skill level 1 in Armour
   266 | D:3      | Reached skill level 1 in Shields
   266 | D:3      | Reached skill level 1 in Unarmed Combat
   266 | D:3      | Reached skill level 1 in Spellcasting
   266 | D:3      | Reached skill level 1 in Evocations
   382 | D:4      | Reached XP level 4. HP: 41/41 MP: 5/5
   413 | D:4      | Found a glowing drain.
   422 | Sewer    | Entered a sewer
   635 | Sewer    | Noticed a kobold brigand
   677 | Sewer    | Killed a kobold brigand
   678 | Sewer    | Reached skill level 1 in Conjurations
   678 | Sewer    | Reached skill level 1 in Hexes
   678 | Sewer    | Reached skill level 1 in Summonings
   678 | Sewer    | Reached skill level 1 in Necromancy
   678 | Sewer    | Reached skill level 1 in Translocations
   678 | Sewer    | Reached skill level 1 in Transmutations
   678 | Sewer    | Reached skill level 1 in Fire Magic
   678 | Sewer    | Reached skill level 1 in Ice Magic
   678 | Sewer    | Reached skill level 1 in Air Magic
   678 | Sewer    | Reached skill level 1 in Earth Magic
   678 | Sewer    | Reached skill level 1 in Poison Magic
   678 | Sewer    | Reached XP level 5. HP: 35/47 MP: 5/7
  1507 | Sewer    | Noticed a kobold brigand
  1520 | Sewer    | Killed a kobold brigand
  1521 | Sewer    | Reached XP level 6. HP: 45/53 MP: 8/8
  1658 | Sewer    | Reached skill level 5 in Short Blades
  1658 | Sewer    | Reached skill level 5 in Dodging
  2178 | D:4      | Noticed Natasha
  2709 | D:1      | Found a faded altar of an unknown god.
  2739 | D:1      | Prayed at the altar of an unknown god.
  2739 | D:1      | Became a worshipper of Zin the Law-Giver
  2739 | D:1      | Reached * piety under Zin
  3098 | D:2      | Noticed Terence
  3121 | D:2      | Killed Terence
  3293 | D:2      | Noticed Robin
  3318 | D:2      | Killed Robin
  3319 | D:2      | Reached XP level 7. HP: 7/59 MP: 10/10
  4173 | D:2      | Reached ** piety under Zin
  4341 | D:2      | Identified a scroll of acquirement
  4341 | D:2      | Acquired 397 gold pieces
  4342 | D:2      | Reached *** piety under Zin
  4723 | D:3      | Reached skill level 10 in Stealth
  4723 | D:3      | Found Docautao's Assorted Antiques.
  4740 | D:3      | Bought a scroll labelled RAPNYA UNOYZE for 17 gold pieces
  4740 | D:3      | Bought a scroll of teleportation for 51 gold pieces
  4740 | D:3      | Bought a shiny kite shield for 127 gold pieces
  4740 | D:3      | Bought a bloodstained leather armour for 119 gold pieces
  4740 | D:3      | Identified the +2 leather armour of Rufroepe {rElec rN+
                  | Str+2} (You bought it in a shop on level 3 of the Dungeon)
  4777 | D:3      | Reached **** piety under Zin
  4946 | D:4      | Killed Natasha
  5156 | D:4      | Noticed Natasha
  5171 | D:4      | Killed Natasha
  5375 | D:5      | Reached XP level 8. HP: 62/67 MP: 12/12
  5396 | D:5      | Bought a potion of berserk rage for 55 gold pieces
  5396 | D:5      | Bought a potion of curing for 33 gold pieces
  5396 | D:5      | Bought a potion of brilliance for 44 gold pieces
  5396 | D:5      | Bought a potion of attraction for 33 gold pieces
  6007 | D:6      | Found a staircase to the Ecumenical Temple.
  6831 | D:6      | Found an iron altar of Okawaru.
  6831 | D:6      | Found a bloodstained altar of Trog.
  6909 | D:6      | Reached XP level 9. HP: 71/72 MP: 14/14
  6989 | D:6      | Reached ***** piety under Zin
  7599 | D:7      | Killed from afar by an acid dragon

Illustrated notes

Levels and vault maps discovered:
D:1:      dpeg_arrival_prison, layout_loops_ring,
          hellmonk_ecumenical_altar_zigzags
D:2:      layout_basic, uniq_robin, uniq_terence
D:3:      layout_rooms, serial_shops, nicolae_diamond_shop
D:4:      cheibrodos_helix_gallery, layout_cave_pools,
          gammafunk_ghost_mausoleum, portal_sewer_entry_d, uniq_natasha
D:5:      black_bear_nest_1, layout_basic, serial_shops, nicolae_stop_n_shop_1
D:6:      layout_loops_corners, grunt_temple_overflow_bloody_war,
          minmay_temple_entry_wispy, dk_vineyard_3, minmay_misc_feat_cross,
          minmay_door_square
D:7:      layout_loops_ring, minmay_misc_feat_encased, uniq_menkaure,
          uniq_maggie, uniq_duvessa

Skill      XL: |  1  2  3  4  5  6  7  8 |
---------------+-------------------------+-----
Stealth        | 10 | 10.4
Invocations    | 1 2 3 4 |  4.3
Long Blades    | 1 2 3 |  3.9
Axes           | 1 2 3 |  3.9
Maces & Flails | 1 2 3 |  3.9
Polearms       | 1 2 3 |  3.9
Staves         | 1 2 3 |  3.9
Slings         | 1 2 3 |  3.9
Bows           | 1 2 3 |  3.9
Crossbows      | 1 2 3 |  3.9
Throwing       | 1 2 3 |  3.9
Armour         | 1 2 3 |  3.9
Shields        | 1 2 3 |  3.9
Unarmed Combat | 1 2 3 |  3.9
Spellcasting   | 1 2 3 |  3.9
Evocations     | 1 2 3 |  3.9
Conjurations   | 1 2 3 |  3.2
Hexes          | 1 2 3 |  3.2
Summonings     | 1 2 3 |  3.2
Necromancy     | 1 2 3 |  3.2
Translocations | 1 2 3 |  3.2
Transmutations | 1 2 3 |  3.2
Fire Magic     | 1 2 3 |  3.2
Ice Magic      | 1 2 3 |  3.2
Air Magic      | 1 2 3 |  3.2
Earth Magic    | 1 2 3 |  3.2
Poison Magic   | 1 2 3 |  3.2
Short Blades   | 5 6 |  6.1
Dodging        | 5 6 |  6.1
Fighting       | 7 |  7.7

Action                   |  1- 3 |  4- 6 |  7- 9 || total
-------------------------+-------+-------+-------++-------
Melee: Short sword       |    25 |   183 |       ||   208
       Bite              |     2 |    20 |    58 ||    80
       Dagger            |       |    89 |   429 ||   518
       Punch             |       |     5 |     2 ||     7
Throw: Boomerang         |       |     3 |       ||     3
       Dart              |       |    10 |     9 ||    19
Invok: Recite            |       |       |     1 ||     1
  Use: Scroll            |     3 |     1 |     9 ||    13
       Potion            |       |     2 |     1 ||     3
 Stab: Sleeping          |     3 |    19 |    18 ||    40
       Distracted        |       |     2 |     2 ||     4
       Confused          |       |       |     1 ||     1
Armor: Leather armour    |     5 |    39 |    91 ||   135
Dodge: Dodged            |    19 |   147 |   179 ||   345
Block: Kite shield       |       |       |   150 ||   150
